[Event "Saturday 27 January Rapid Engine Tour 12+1 Rounds 9 Starts 1600 ST"]
[Site "Infinity Chess"]
[Date "2018.1.27"]
[Round "8"]
[White "hafaba"]
[Black "Gilgamesch"]
[Result "1/2-1/2"]
[ECO "D30"]
[WhiteElo "2471"]
[BlackElo "2466"]
[WhiteEngine "SF SL FA 26012018 POPCNT_CTG"]
[BlackEngine "BrainFish_171005_x64_bmi2"]
[EventType "Swiss"]
[WhiteTeam ""]
[BlackTeam ""]
[PlyCount "197"]
[TimeControl "720+1"]

1. d4 d5 2. c4 e6 3. Nf3 Nf6 4. Nc3 c6 5. e3 Nbd7 6. h3 Be7 7. Qc2 b6 8. b3 Bb7 
9. Bb2 Rc8 10. Bd3 c5 11. Qe2 cxd4 12. exd4 O-O 13. O-O Re8 14. Ne5 dxc4 
15. bxc4 Nf8 16. g3 N6d7 17. Rad1 a6 18. Be4 Bxe4 19. Nxe4 Nxe5 20. dxe5 Qc7 
21. Nd6 Bxd6 22. Rxd6 Ng6 23. Rc1 Ne7 24. g4 Qc5 25. Bd4 Qa3 26. Rc3 Qa5 
27. Qc2 Nc6 28. Qe4 Ne7 29. Rc2 b5 30. c5 Nd5 31. Kg2 Qa4 32. Kg3 Rc7 33. h4 a5 
34. h5 h6 35. f4 Qa3+ 36. Kh2 Nb4 37. Rd2 Qc1 38. Re2 Qc4 39. f5 a4 40. Rd2 Nd5 
41. Rc2 Qb4 42. Re2 Qc4 43. Rc2 Qb4 44. Rf2 Qc4 45. c6 Rec8 46. Rc2 Qb4 
47. fxe6 fxe6 48. Rxe6 Ne7 49. Rd6 Rxc6 50. Rb2 Qc4 51. Rf2 b4 52. Kh3 b3 
53. axb3 Qxb3+ 54. Rf3 Qa2 55. Rf1 Rc2 56. Kg3 Qb3+ 57. Rf3 Qb1 58. Qf4 Qh1 
59. Bf2 R2c3 60. e6 a3 61. Ra6 Qa1 62. Kg2 Rxf3 63. Qxf3 a2 64. Qf7+ Kh7 
65. Qxe7 Qe5 66. Qb7 Rb8 67. Qf3 a1=Q 68. Rxa1 Qxa1 69. Qd3+ Kg8 70. e7 Qa8+ 
71. Kg3 Re8 72. Bc5 Qh1 73. Qe2 Qd5 74. Qe3 Qc6 75. Qd4 Qe6 76. Kg2 Qb3 
77. Qe5 Qc2+ 78. Kh3 Kh7 79. Qe3 Qb1 80. Kg3 Qb8+ 81. Kh3 Qb1 82. Kh4 Qh1+ 
83. Kg3 Qd5 84. Qf2 Rg8 85. Qe2 Qxc5 86. Qe4+ Kh8 87. e8=Q Rxe8 88. Qxe8+ Kh7 
89. Qe4+ Kg8 90. Qd3 Qg1+ 91. Kf4 Qf2+ 92. Ke4 Qh2 93. Qc4+ Kh7 94. Qd3 Kh8 
95. Qc4 Qd2 96. Kf3 Qe1 97. Qe4 Qxe4+ 98. Kxe4 Kh7 99. Kf5 1/2-1/2

[Event "Saturday 27 January Rapid Engine Tour 12+1 Rounds 9 Starts 1600 ST"]
[Site "Infinity Chess"]
[Date "2018.1.27"]
[Round "8"]
[White "Susanne"]
[Black "KRAKEN"]
[Result "1/2-1/2"]
[ECO "C53"]
[WhiteElo "2461"]
[BlackElo "2496"]
[WhiteEngine "asmfish-bmi2-012118-W_CTG"]
[BlackEngine "Raubfisch X37b4_CTG"]
[EventType "Swiss"]
[WhiteTeam ""]
[BlackTeam ""]
[PlyCount "32"]
[TimeControl "720+1"]

1. e4 e5 2. Nf3 Nc6 3. Bc4 Bc5 4. c3 Nf6 5. d3 O-O 6. O-O d6 7. Nbd2 a6 
8. a4 Ba7 9. h3 h6 10. Re1 Nh5 11. Nf1 Qf6 12. Ne3 Qg6 13. Nh4 Qg5 14. Nf3 Qg6 
15. Nh4 Qg5 16. Nf3 Qg6 1/2-1/2

[Event "Saturday 27 January Rapid Engine Tour 12+1 Rounds 9 Starts 1600 ST"]
[Site "Infinity Chess"]
[Date "2018.1.27"]
[Round "8"]
[White "angriff"]
[Black "Thinker"]
[Result "1-0"]
[ECO "E10"]
[WhiteElo "2396"]
[BlackElo "2452"]
[WhiteEngine "Stockfish SL FA POPCNT_CTG"]
[BlackEngine "BrainFish_180124_x64_modern_CTG"]
[EventType "Swiss"]
[WhiteTeam ""]
[BlackTeam ""]
[PlyCount "193"]
[TimeControl "720+1"]

1. d4 Nf6 2. c4 e6 3. Nf3 d5 4. Nc3 Be7 5. Bf4 O-O 6. e3 Nbd7 7. c5 c6 8. b4 Nh5 
9. Bd3 a5 10. a3 f6 11. Bg3 e5 12. Be2 e4 13. Nd2 Nxg3 14. hxg3 f5 15. b5 Qe8 
16. Na4 Bd8 17. Rb1 Ra7 18. Rb2 Nf6 19. Nb1 Ng4 20. Qd2 Be6 21. Nb6 Rf6 
22. Nc3 g5 23. Nba4 Kg7 24. f3 Rh6 25. Rxh6 Nxh6 26. Bd1 Bc7 27. Qf2 Ra8 
28. f4 gxf4 29. gxf4 Qe7 30. Kd2 Ng4 31. Qf1 Kh8 32. Bxg4 fxg4 33. Qh1 Rf8 
34. Ne2 Bc8 35. Rb1 Kg7 36. Ng3 Kg8 37. Qh6 Bd7 38. b6 Bd8 39. Rh1 Be8 
40. Nc3 Bg6 41. Qh2 Qg7 42. Nce2 Qe7 43. Nc3 Qg7 44. Nce2 Qd7 45. Rf1 Qe7 
46. f5 Be8 47. Qh6 Bd7 48. Nf4 Qg7 49. Qd6 Qe7 50. Ne6 Bxe6 51. fxe6 Rxf1 
52. Nxf1 h5 53. Ke2 h4 54. Nh2 Qg5 55. Kd2 g3 56. Ng4 Qe7 57. Ke2 Qg5 58. Ke1 h3 
59. gxh3 Qh4 60. Kd1 Kh7 61. Qf4 g2 62. Qh2 Qe7 63. Qxg2 Qxe6 64. Qf2 Kg7 
65. Qg3 Qf5 66. Ke1 Kh7 67. Qb8 Qd7 68. Kd2 Bh4 69. Kc3 Bd8 70. Kb3 Bg5 
71. Qc7 Qg7 72. Ka4 Kh8 73. Kxa5 Kh7 74. Kb4 Bh4 75. Ka4 Kg8 76. Ne5 Bg3 
77. Qc8+ Kh7 78. Nd7 Qe7 79. Qxb7 Qf7 80. Qxc6 Qf1 81. Ne5 Bxe5 82. dxe5 Qa6+ 
83. Kb4 Qc4+ 84. Ka5 Qc1 85. b7 Qxa3+ 86. Kb6 Qb2+ 87. Kc7 Qxe5+ 88. Qd6 Qg7+ 
89. Qd7 d4 90. b8=Q d3 91. Qb2 Qxd7+ 92. Kxd7 d2 93. Qxd2 Kg6 94. Ke6 Kg7 
95. Qg2+ Kh8 96. Kf6 Kh7 97. Qg7# 1-0

[Event "Saturday 27 January Rapid Engine Tour 12+1 Rounds 9 Starts 1600 ST"]
[Site "Infinity Chess"]
[Date "2018.1.27"]
[Round "8"]
[White "Murx"]
[Black "BraveDevil"]
[Result "1/2-1/2 "]
[ECO "D31"]
[WhiteElo "2527"]
[BlackElo "2454"]
[WhiteEngine "BrainFish_180113_x64_modern"]
[BlackEngine "Cryptic AIL V2"]
[EventType "Swiss"]
[WhiteTeam ""]
[BlackTeam ""]
[PlyCount "283"]
[TimeControl "720+1"]

1. d4 d5 2. c4 e6 3. Nc3 Bb4 4. Nf3 Nf6 5. Bg5 O-O 6. e3 h6 7. Bh4 c5 
8. cxd5 exd5 9. dxc5 Nbd7 10. Rc1 Nxc5 11. Qd4 Bxc3+ 12. Qxc3 Nce4 13. Bxf6 Nxf6 
14. Be2 Qd6 15. O-O Be6 16. Qd4 Rfc8 17. h3 Rc7 18. Rxc7 Qxc7 19. Bd3 b6 
20. a3 Re8 21. Re1 Bd7 22. Rd1 Re6 23. Bf5 Rd6 24. Bd3 Re6 25. Rb1 Re8 
26. Re1 Rc8 27. Ne5 Qc5 28. Qf4 Qc7 29. Rd1 Be6 30. Qd4 Qc5 31. Nf3 Kf8 
32. Qf4 Qc7 33. Qb4+ Qe7 34. Qd4 Qc5 35. Qf4 Qc7 36. Qb4+ Qe7 37. Nd4 Bd7 
38. Qe1 Ne4 39. Ne2 Ba4 40. Rc1 Rxc1 41. Qxc1 Qc5 42. Qa1 Qd6 43. Qe1 Kg8 
44. b4 Qe5 45. Nd4 Qc7 46. Qa1 g6 47. Ne2 Qd6 48. Nd4 Qe5 49. Qc1 Bd7 
50. Qc2 Ng5 51. Bf1 Ne4 52. Ba6 Qd6 53. Bd3 Qe5 54. Be2 Ng5 55. Qa2 Be8 
56. Bd3 Bd7 57. Bc2 Be8 58. Bb3 Ne4 59. Qc2 Bd7 60. Ba2 h5 61. Qb3 Be6 
62. Bb1 Bd7 63. Ba2 Nf6 64. Bb1 g5 65. Qc3 h4 66. Qd3 Kf8 67. Nf3 Qb2 
68. Nxg5 Qc1+ 69. Kh2 Qc7+ 70. f4 Qc1 71. Qd4 Qe1 72. Bd3 Qg3+ 73. Kg1 Ne4 
74. Nxe4 dxe4 75. Bf1 Bxh3 76. Qxe4 Bg4 77. Qd4 Ke7 78. Qe5+ Kf8 79. Qh8+ Ke7 
80. Qe5+ Kf8 81. Qd6+ Kg7 82. Qd4+ Kg8 83. Qd8+ Kh7 84. Qd3+ Kg8 85. Qd8+ Kh7 
86. Qd3+ Kg8 87. Qd2 h3 88. Qd8+ Kh7 89. Qe7 Bh5 90. Bd3+ Kg7 91. Qg5+ Qxg5 
92. fxg5 hxg2 93. Kxg2 f6 94. gxf6+ Kxf6 95. Bb5 a5 96. bxa5 bxa5 97. Kg3 Ke5 
98. Bc4 Ke4 99. Kf2 Bg4 100. Bb5 Bd1 101. Bf1 Bb3 102. Be2 Be6 103. Bb5 Bb3 
104. Ke2 Ke5 105. Kd3 Be6 106. Ba6 Bd7 107. Kc3 Ke4 108. Kd2 Kd5 109. Bd3 Bg4 
110. Kc3 Bc8 111. Bb5 Ke4 112. Kd2 Bg4 113. Bc6+ Ke5 114. Ba4 Be6 115. Bd1 Bd7 
116. Bc2 Kd5 117. Bb3+ Ke4 118. Bc4 Kf5 119. Be2 Ke4 120. Bd3+ Ke5 121. Be2 Be6 
122. Kd3 Bd7 123. Bf3 Be6 124. Ke2 Kd6 125. Kd3 Ke5 126. Bh5 Kd5 127. Be2 Ke5 
128. Kd2 Bd7 129. Kd1 Kd5 130. Kc1 Be6 131. Bd3 Ke5 132. Kc2 Bd5 133. Kb1 Be6 
134. Kb2 Kd6 135. Bh7 Ke5 136. Bd3 Kd6 137. Kc2 Ke5 138. Kc3 Bd5 139. a4 Be6 
140. e4 Bf7 141. Bc4 Bg6 142. Bb3 1/2-1/2

[Event "Saturday 27 January Rapid Engine Tour 12+1 Rounds 9 Starts 1600 ST"]
[Site "Infinity Chess"]
[Date "2018.1.27"]
[Round "8"]
[White "xeonrocks"]
[Black "MiKachomiKa QueeN"]
[Result "1/2-1/2"]
[ECO "C53"]
[WhiteElo "2550"]
[BlackElo "2441"]
[WhiteEngine "asmFishW_CTG"]
[BlackEngine "stockfish_18012314_x64_modern_CTG"]
[EventType "Swiss"]
[WhiteTeam ""]
[BlackTeam ""]
[PlyCount "82"]
[TimeControl "720+1"]

1. e4 e5 2. Nf3 Nc6 3. Bc4 Bc5 4. c3 Nf6 5. d4 exd4 6. e5 d5 7. Bb5 Ne4 
8. cxd4 Bb6 9. O-O Bg4 10. a4 a5 11. Nc3 O-O 12. Bxc6 bxc6 13. h3 Bh5 14. Be3 f6 
15. g4 Bg6 16. exf6 Qxf6 17. Ne5 Qh4 18. Nxe4 dxe4 19. Qb3+ Bf7 20. Nxf7 Rxf7 
21. Kh2 Qf6 22. Rac1 Rd8 23. g5 Qf5 24. Qc4 Kh8 25. Rcd1 Kg8 26. Rg1 Qd5 
27. b3 Qxc4 28. bxc4 Rfd7 29. g6 Bxd4 30. Rxd4 Rxd4 31. Bxd4 Rxd4 32. gxh7+ Kxh7 
33. Rg5 Rxc4 34. Rxa5 e3 35. fxe3 Re4 36. Ra7 Rxe3 37. Rxc7 Ra3 38. Rxc6 Rxa4 
39. Kg2 g6 40. Rc3 g5 41. Rc2 Kg7 1/2-1/2

[Event "Saturday 27 January Rapid Engine Tour 12+1 Rounds 9 Starts 1600 ST"]
[Site "Infinity Chess"]
[Date "2018.1.27"]
[Round "7"]
[White "incredible"]
[Black "Marsell"]
[Result "1/2-1/2"]
[ECO "C58"]
[WhiteElo "2421"]
[BlackElo "2464"]
[WhiteEngine "Houdini 6"]
[BlackEngine "asmFishW_2018-01-11_popcnt"]
[EventType "Swiss"]
[WhiteTeam ""]
[BlackTeam ""]
[PlyCount "83"]
[TimeControl "720+1"]

1. e4 e5 2. Nf3 Nc6 3. Bc4 Nf6 4. Ng5 d5 5. exd5 Na5 6. Bb5+ c6 7. dxc6 bxc6 
8. Bd3 Nd5 9. h4 h6 10. Qh5 Qf6 11. Ne4 Qe6 12. Ng5 Qf6 13. Nh7 Rxh7 14. Bxh7 g6 
15. Qe2 Nf4 16. Qf3 Bb7 17. Nc3 Qg7 18. d3 c5 19. Ne4 O-O-O 20. Bxf4 exf4 
21. Qg4+ f5 22. Qxg6 fxe4 23. Qxg7 Bxg7 24. Bxe4 Bxe4 25. dxe4 Bxb2 26. Rd1 Bd4 
27. Ke2 Nc6 28. Rh3 Re8 29. c3 Bg7 30. Rd6 Kc7 31. Rg6 Re7 32. Rg4 f3+ 
33. Rxf3 Ne5 34. Rxg7 Rxg7 35. Rf5 Kd6 36. g3 Rb7 37. Ke3 Rb2 38. Rh5 Nc4+ 
39. Kd3 Ne5+ 40. Ke3 Nc4+ 41. Kd3 Ne5+ 42. Ke3 1/2-1/2

[Event "Saturday 27 January Rapid Engine Tour 12+1 Rounds 9 Starts 1600 ST"]
[Site "Infinity Chess"]
[Date "2018.1.27"]
[Round "7"]
[White "KillBill2017"]
[Black "BraveDevil"]
[Result "0-1"]
[ECO "B90"]
[WhiteElo "2346"]
[BlackElo "2442"]
[WhiteEngine "Stockfish_x64_230118_Color_Contempt_pop_720mingw_CTG"]
[BlackEngine "Cryptic AIL V2"]
[EventType "Swiss"]
[WhiteTeam ""]
[BlackTeam ""]
[PlyCount "164"]
[TimeControl "720+1"]

1. e4 c5 2. Nf3 d6 3. d4 cxd4 4. Nxd4 Nf6 5. Nc3 a6 6. Be3 e5 7. Nb3 Be6 
8. f3 h5 9. Qd2 Nbd7 10. Nd5 Nxd5 11. exd5 Bf5 12. Na5 Rb8 13. a4 Qf6 
14. Bd3 Bxd3 15. Qxd3 Be7 16. O-O O-O 17. b4 Bd8 18. Nc4 Qe7 19. a5 f5 
20. Nd2 Rc8 21. c4 Qf7 22. Rac1 Be7 23. h3 g6 24. g3 Rfe8 25. Kg2 Nf6 
26. Rh1 Nd7 27. Qe2 Kh8 28. Rhg1 Kg7 29. Rcf1 g5 30. Kh1 Qg6 31. h4 g4 
32. fxg4 hxg4 33. Qd3 e4 34. Qd4+ Kg8 35. Rg2 Rc7 36. Rgf2 Bf6 37. Qa7 Ne5 
38. Nxe4 Bd8 39. Nd2 Rh7 40. Rh2 Nd3 41. Qd4 f4 42. Bxf4 Bf6 43. Qb6 Nxf4 
44. Rxf4 Be5 45. Re4 Bxg3 46. Rhe2 Rf8 47. Kg1 Bxh4 48. Rg2 Rg7 49. Qd4 Bf6 
50. Qe3 Bg5 51. Qe1 Bf4 52. Nf1 g3 53. b5 axb5 54. cxb5 Be5 55. Rxe5 dxe5 
56. Qxe5 Rf5 57. Qe2 Qf6 58. Qe6+ Qxe6 59. dxe6 Rxb5 60. Rd2 g2 61. Ne3 Rb1+ 
62. Nd1 Kf8 63. a6 bxa6 64. Rd8+ Ke7 65. Rd7+ Kf6 66. e7 Rxe7 67. Rd6+ Ke5 
68. Rd2 Rg7 69. Rd3 Kf4 70. Rd4+ Kf3 71. Rd2 Ke4 72. Rd8 a5 73. Rd6 a4 
74. Re6+ Kd3 75. Re1 Kd2 76. Kf2 Rxd1 77. Re2+ Kd3 78. Re3+ Kd4 79. Re1 Rxe1 
80. Kxe1 g1=Q+ 81. Ke2 a3 82. Kf3 Qf1# 0-1

[Event "Saturday 27 January Rapid Engine Tour 12+1 Rounds 9 Starts 1600 ST"]
[Site "Infinity Chess"]
[Date "2018.1.27"]
[Round "7"]
[White "Dovahkiin"]
[Black "RonWeasley"]
[Result "1/2-1/2"]
[ECO "C12"]
[WhiteElo "2405"]
[BlackElo "2453"]
[WhiteEngine "BrainFish_180113_x64_modern_CTG"]
[BlackEngine "BrainFish 060118_CTG"]
[EventType "Swiss"]
[WhiteTeam ""]
[BlackTeam ""]
[PlyCount "106"]
[TimeControl "720+1"]

1. e4 e6 2. d4 d5 3. Nc3 Nf6 4. Bg5 Bb4 5. e5 h6 6. Be3 Ne4 7. Qg4 g6 
8. a3 Bxc3+ 9. bxc3 Nxc3 10. Bd3 b6 11. h4 c5 12. dxc5 bxc5 13. Bxc5 Ne4 
14. Bxe4 Qc7 15. Bd3 Qxc5 16. Nf3 Qc3+ 17. Ke2 Nd7 18. Qb4 Qc7 19. Qf4 a5 
20. Rhc1 O-O 21. Qxh6 Nxe5 22. Qf4 f6 23. Qg3 Qg7 24. Nxe5 fxe5 25. Qxg6 e4 
26. Qxg7+ Kxg7 27. Bb5 Rf4 28. c4 Bb7 29. cxd5 Bxd5 30. Rh1 Raf8 31. Raf1 Rc8 
32. a4 Rc2+ 33. Ke3 e5 34. Rc1 Rfxf2 35. Rxc2 Rxc2 36. Rd1 Rc3+ 37. Kf2 e3+ 
38. Ke2 Be6 39. Rd3 Bc4 40. Bxc4 Rxc4 41. g3 Rxa4 42. Kxe3 Kg6 43. Rd8 Ra1 
44. Kf3 a4 45. Ra8 a3 46. Kg4 a2 47. h5+ Kh7 48. Ra7+ Kh8 49. Kg5 Rg1 
50. Rxa2 Rxg3+ 51. Kh6 Rg7 52. Ra5 Rh7+ 53. Kg6 Rg7+ 1/2-1/2

[Event "Saturday 27 January Rapid Engine Tour 12+1 Rounds 9 Starts 1600 ST"]
[Site "Infinity Chess"]
[Date "2018.1.27"]
[Round "7"]
[White "star99"]
[Black "Ninja_Bp"]
[Result "1/2-1/2"]
[ECO "D31"]
[WhiteElo "2360"]
[BlackElo "2456"]
[WhiteEngine "Cryptic AIL V2"]
[BlackEngine "Houdini 6"]
[EventType "Swiss"]
[WhiteTeam ""]
[BlackTeam ""]
[PlyCount "81"]
[TimeControl "720+1"]

1. d4 d5 2. c4 e6 3. Nc3 c6 4. e3 Nf6 5. Nf3 Nbd7 6. h3 a6 7. c5 e5 8. b4 e4 
9. Nd2 g6 10. Qa4 Rb8 11. Be2 Be7 12. Qc2 O-O 13. a4 Ne8 14. b5 Ng7 15. O-O Nf5 
16. bxa6 bxa6 17. a5 h5 18. Na4 Bh4 19. Nb6 Nf6 20. Ra3 Kg7 21. Qd1 Bb7 
22. g3 Bg5 23. Rb3 Qc7 24. Qe1 Qe7 25. Kg2 Rfd8 26. Nb1 Ne8 27. Na3 Nc7 
28. Nc2 Qe6 29. Nb4 Re8 30. Bd2 Nb5 31. Bxb5 axb5 32. a6 Bc8 33. Kg1 Nh4 
34. gxh4 Qxh3 35. Nxc8 Qg4+ 36. Kh1 Qxh4+ 37. Kg1 Qg4+ 38. Kh2 Qh4+ 39. Kg1 Qg4+ 
40. Kh2 Qh4+ 41. Kg1 1/2-1/2

[Event "Saturday 27 January Rapid Engine Tour 12+1 Rounds 9 Starts 1600 ST"]
[Site "Infinity Chess"]
[Date "2018.1.27"]
[Round "7"]
[White "neófito"]
[Black "Susanne"]
[Result "1/2-1/2 "]
[ECO "B32"]
[WhiteElo "2430"]
[BlackElo "2462"]
[WhiteEngine "asmfish-bmi2-012018-W_CTG"]
[BlackEngine "asmfish-bmi2-012118-W_CTG"]
[EventType "Swiss"]
[WhiteTeam ""]
[BlackTeam ""]
[PlyCount "173"]
[TimeControl "720+1"]

1. e4 c5 2. Nf3 Nc6 3. d4 cxd4 4. Nxd4 e5 5. Nb5 d6 6. N1c3 a6 7. Na3 b5 
8. Nd5 Nf6 9. Bg5 Be7 10. Bxf6 Bxf6 11. c3 Rb8 12. Nc2 Bg5 13. a4 bxa4 
14. Ncb4 Nxb4 15. Nxb4 Bd7 16. Bxa6 Qa5 17. Qxd6 Rb6 18. Qd3 Be6 19. O-O O-O 
20. Bc4 Rd8 21. Bd5 Bxd5 22. Nxd5 Rxb2 23. c4 Ra8 24. Qg3 h6 25. h4 Bd2 
26. Qa3 Rb3 27. Qxb3 axb3 28. Rxa5 Rxa5 29. Rb1 Rc5 30. Rxb3 Rxc4 31. Rb2 Bc1 
32. Rb8+ Kh7 33. f3 Bf4 34. Rb1 Bg3 35. Ne3 Rc7 36. Nf5 Bf4 37. g3 Bd2 
38. Kf2 Bc3 39. g4 Ra7 40. Rb3 Bd2 41. Rb8 Bf4 42. Rb2 Rd7 43. Ra2 Rc7 44. h5 g6 
45. Ne3 Bxe3+ 46. Kxe3 gxh5 47. gxh5 Rc3+ 48. Kf2 Kg7 49. Ra6 Rc2+ 50. Ke3 Rh2 
51. Ra3 Rxh5 52. Ra7 Rh2 53. f4 Rh3+ 54. Kf2 exf4 55. e5 Re3 56. Ra4 Rxe5 
57. Rxf4 h5 58. Kg2 Re3 59. Rf1 Kg6 60. Ra1 h4 61. Ra8 h3+ 62. Kg1 f5 
63. Kh2 Rc3 64. Rh8 Kf6 65. Kg1 Rc1+ 66. Kh2 Rc3 67. Rb8 Rd3 68. Re8 Ra3 
69. Rf8+ Ke5 70. Re8+ Kd6 71. Rd8+ Ke7 72. Rh8 Kf6 73. Rf8+ Ke5 74. Re8+ Kf4 
75. Rf8 Re3 76. Rg8 Rf3 77. Re8 Ra3 78. Rf8 Ke4 79. Re8+ Kd5 80. Rd8+ Ke6 
81. Re8+ Kd6 82. Rd8+ Ke6 83. Re8+ Kf7 84. Rh8 Kg6 85. Rg8+ Kh6 86. Rh8+ Kg5 
87. Rg8+ 1/2-1/2

[Event "Saturday 27 January Rapid Engine Tour 12+1 Rounds 9 Starts 1600 ST"]
[Site "Infinity Chess"]
[Date "2018.1.27"]
[Round "7"]
[White "KRAKEN"]
[Black "hafaba"]
[Result "1/2-1/2"]
[ECO "A30"]
[WhiteElo "2497"]
[BlackElo "2470"]
[WhiteEngine "Raubfisch X37b4_CTG"]
[BlackEngine "SF SL FA 26012018 POPCNT_CTG"]
[EventType "Swiss"]
[WhiteTeam ""]
[BlackTeam ""]
[PlyCount "152"]
[TimeControl "720+1"]

1. c4 c5 2. Nf3 Nf6 3. Nc3 Nc6 4. g3 g6 5. d4 cxd4 6. Nxd4 Nxd4 7. Qxd4 Bg7 
8. Bg2 O-O 9. O-O d6 10. Qd3 Re8 11. Bg5 Qa5 12. Qd2 Ng4 13. Rac1 h6 14. Nd5 Qd8 
15. Bf4 g5 16. Be3 e6 17. h3 Nxe3 18. Nxe3 Rb8 19. Rfd1 Qe7 20. b3 Rd8 
21. Ng4 b6 22. e4 Bb7 23. a4 Qc7 24. Qe2 a6 25. Rc2 Rbc8 26. Ne3 Bc6 27. Ra2 Qb7 
28. Qg4 Qe7 29. Kh2 Be8 30. b4 Rc7 31. Qe2 Ra7 32. Bf3 Be5 33. Kg2 Bc6 
34. b5 Bb7 35. Kh2 Raa8 36. Bg2 Bg7 37. Kg1 Rd7 38. Rad2 axb5 39. axb5 Ra1 
40. e5 Rxd1+ 41. Qxd1 Bxe5 42. Ng4 Bc3 43. Bxb7 Rxb7 44. Rxd6 Kg7 45. Kg2 Bb2 
46. Qd2 Ba1 47. Qd3 h5 48. Ne3 Be5 49. Rc6 Rd7 50. Qe2 Bd4 51. Rc8 Kh6 
52. Qf3 Rc7 53. Qe4 Bxe3 54. Rh8+ Kg7 55. Rh7+ Kg8 56. Rxh5 Qc5 57. fxe3 Qxc4 
58. Qxc4 Rxc4 59. Rxg5+ Kf8 60. Rg4 Rc3 61. e4 Rc5 62. Rh4 Rxb5 63. Kf3 Rb3+ 
64. Kg4 Kg7 65. Kf4 e5+ 66. Kxe5 Rxg3 67. Kd4 b5 68. Kc5 Kf6 69. Rf4+ Ke6 
70. h4 Rg8 71. Kxb5 Rg7 72. Kb4 Ke5 73. Rf1 Kxe4 74. h5 f5 75. h6 Rh7 
76. Re1+ Kf4 1/2-1/2

[Event "Saturday 27 January Rapid Engine Tour 12+1 Rounds 9 Starts 1600 ST"]
[Site "Infinity Chess"]
[Date "2018.1.27"]
[Round "7"]
[White "Gilgamesch"]
[Black "angriff"]
[Result "1/2-1/2"]
[ECO "B00"]
[WhiteElo "2469"]
[BlackElo "2393"]
[WhiteEngine "BrainFish_171005_x64_bmi2"]
[BlackEngine "Stockfish SL FA POPCNT_CTG"]
[EventType "Swiss"]
[WhiteTeam ""]
[BlackTeam ""]
[PlyCount "83"]
[TimeControl "720+1"]

1. e4 Nc6 2. d4 d5 3. exd5 Qxd5 4. Nf3 e5 5. Nc3 Bb4 6. Bd2 Bxc3 7. Bxc3 e4 
8. Ne5 Nxe5 9. dxe5 Ne7 10. Be2 O-O 11. Qd4 c5 12. Qxd5 Nxd5 13. Bd2 Bf5 
14. g4 e3 15. fxe3 Be4 16. Rf1 Rae8 17. O-O-O Rxe5 18. b3 Nb4 19. Bxb4 cxb4 
20. Rd7 Bc6 21. Rc7 Rxe3 22. Ba6 bxa6 23. Rxc6 a5 24. Ra6 Re5 25. Rf5 Re4 
26. g5 g6 27. Rfxa5 Rc8 28. Rd5 Rc7 29. Ra4 Rh4 30. Rd2 Rg4 31. a3 Rg1+ 
32. Rd1 Rxg5 33. axb4 Kg7 34. c4 f5 35. Kc2 Rh5 36. h3 Rxh3 37. Rda1 Kf6 
38. Rxa7 Rh2+ 39. Kc3 Rh3+ 40. Kc2 Rh2+ 41. Kd3 Rh3+ 42. Kc2 1/2-1/2

[Event "Saturday 27 January Rapid Engine Tour 12+1 Rounds 9 Starts 1600 ST"]
[Site "Infinity Chess"]
[Date "2018.1.27"]
[Round "7"]
[White "Thinker"]
[Black "MiKachomiKa QueeN"]
[Result "1/2-1/2"]
[ECO "C50"]
[WhiteElo "2453"]
[BlackElo "2440"]
[WhiteEngine "BrainFish_180124_x64_modern_CTG"]
[BlackEngine "stockfish_18012314_x64_modern_CTG"]
[EventType "Swiss"]
[WhiteTeam ""]
[BlackTeam ""]
[PlyCount "128"]
[TimeControl "720+1"]

1. e4 e5 2. Nf3 Nc6 3. Bc4 Bc5 4. O-O Nf6 5. d3 d6 6. c3 O-O 7. h3 a5 
8. Nbd2 Be6 9. Bb5 Qc8 10. Re1 Qb8 11. Nf1 Qa7 12. Be3 Bxe3 13. Nxe3 Ne7 
14. a4 Ng6 15. Bc4 Bxc4 16. Nxc4 Qa6 17. g3 Rfe8 18. Ne3 Rad8 19. Qc2 b6 
20. Kg2 Qa8 21. b4 d5 22. Nd2 Nf8 23. bxa5 bxa5 24. exd5 Nxd5 25. Kh2 Ne6 
26. Nec4 f6 27. Rab1 Qc6 28. Ne4 Nb6 29. Nxb6 cxb6 30. Qb3 Rxd3 31. Qxb6 Qxa4 
32. Rb5 Qc4 33. Rxa5 Rf8 34. h4 Rfd8 35. Ra7 R3d7 36. Rea1 Rxa7 37. Rxa7 Qxe4 
38. Qxe6+ Kh8 39. Qb6 Rg8 40. Qc5 h5 41. c4 Qf3 42. Rc7 Kh7 43. Qe3 Qxe3 
44. fxe3 Kg6 45. e4 Rb8 46. Kg2 Rb2+ 47. Kf3 Rb3+ 48. Kf2 Rb2+ 49. Ke3 Rb3+ 
50. Kf2 Rb4 51. Ke3 Rb1 52. c5 Rb3+ 53. Kd2 Rxg3 54. c6 Rg2+ 55. Kd3 Rg1 
56. Rd7 Rc1 57. c7 Rc5 58. Re7 Rc6 59. Ke3 Rc3+ 60. Kd2 Rc4 61. Rd7 Rc6 
62. Kd3 Rc5 63. Kd2 Rc4 64. Kd3 Rc5 1/2-1/2

[Event "Saturday 27 January Rapid Engine Tour 12+1 Rounds 9 Starts 1600 ST"]
[Site "Infinity Chess"]
[Date "2018.1.27"]
[Round "7"]
[White "Prometheus"]
[Black "Murx"]
[Result "1/2-1/2"]
[ECO "A07"]
[WhiteElo "2457"]
[BlackElo "2530"]
[WhiteEngine "Eman 1.67a-64bit-IDeA"]
[BlackEngine "BrainFish_180113_x64_modern"]
[EventType "Swiss"]
[WhiteTeam ""]
[BlackTeam ""]
[PlyCount "36"]
[TimeControl "720+1"]

1. Nf3 d5 2. g3 Nf6 3. Bg2 c5 4. O-O e6 5. e3 Be7 6. b3 b5 7. d3 b4 8. c4 bxc3 
9. Nxc3 Ba6 10. e4 dxe4 11. Re1 Nc6 12. dxe4 O-O 13. Bf4 Rc8 14. Rc1 Qa5 
15. Bd2 Qc7 16. Bf4 Qa5 17. Bd2 Qc7 18. Bf4 Qa5 1/2-1/2

[Event "Saturday 27 January Rapid Engine Tour 12+1 Rounds 9 Starts 1600 ST"]
[Site "Infinity Chess"]
[Date "2018.1.27"]
[Round "7"]
[White "IronMan"]
[Black "xeonrocks"]
[Result "0-1"]
[ECO "C55"]
[WhiteElo "2415"]
[BlackElo "2539"]
[WhiteEngine "SF SL FA 250118-IDeA"]
[BlackEngine "asmFishW_CTG"]
[EventType "Swiss"]
[WhiteTeam ""]
[BlackTeam ""]
[PlyCount "99"]
[TimeControl "720+1"]

1. e4 e5 2. Nf3 Nc6 3. Bc4 Nf6 4. d3 Bc5 5. c3 a5 6. O-O d6 7. Bg5 O-O 8. a4 h6 
9. Bh4 g5 10. Bg3 Kg7 11. Na3 Ne7 12. Nc2 Bb6 13. Ne3 Ng6 14. Bb3 Bxe3 
15. fxe3 Nh5 16. Be1 g4 17. Nd2 Qg5 18. Qe2 f5 19. exf5 Bxf5 20. g3 e4 
21. d4 Ne7 22. c4 Nf6 23. Bc2 b6 24. Nb1 Nh7 25. Nc3 Qg6 26. d5 Ng5 27. Kh1 Nf3 
28. Nb5 Bd7 29. Nd4 Rae8 30. Bc3 Kg8 31. b4 axb4 32. Bxb4 Rf7 33. a5 Qh5 
34. Bc3 bxa5 35. Bxe4 Nf5 36. Nxf5 Rxe4 37. Nh4 a4 38. Rab1 Re8 39. Nxf3 gxf3 
40. Qd1 Qf5 41. Rf2 Rxe3 42. Bd2 Re8 43. Kg1 Qg4 44. c5 dxc5 45. Bc3 Qf5 
46. Qf1 Re3 47. Bd2 Rb3 48. Rxb3 axb3 49. Bc3 Qxd5 50. Qe1 0-1

[Event "Saturday 27 January Rapid Engine Tour 12+1 Rounds 9 Starts 1600 ST"]
[Site "Infinity Chess"]
[Date "2018.1.27"]
[Round "6"]
[White "neófito"]
[Black "KillBill2017"]
[Result "1-0"]
[ECO "C53"]
[WhiteElo "2416"]
[BlackElo "2360"]
[WhiteEngine "asmfish-bmi2-012018-W_CTG"]
[BlackEngine "Stockfish_x64_230118_Color_Contempt_pop_720mingw_CTG"]
[EventType "Swiss"]
[WhiteTeam ""]
[BlackTeam ""]
[PlyCount "147"]
[TimeControl "720+1"]

1. e4 e5 2. Nf3 Nc6 3. Bc4 Bc5 4. c3 Nf6 5. d3 d6 6. O-O a5 7. Bg5 Ba7 
8. Nbd2 h6 9. Bh4 Qe7 10. a3 g5 11. Bg3 Nd7 12. b4 Nf8 13. b5 Nd8 14. d4 Ng6 
15. h3 h5 16. Be2 h4 17. Bh2 g4 18. hxg4 h3 19. g3 Bxg4 20. Nxe5 dxe5 
21. Bxg4 exd4 22. Nf3 Ne6 23. cxd4 O-O-O 24. d5 Kb8 25. Bf5 Ng7 26. Rc1 Bb6 
27. Bxg6 fxg6 28. Nd2 Nh5 29. Kh1 g5 30. g4 Nf4 31. f3 Qxa3 32. Nc4 Qb4 
33. Qc2 Rc8 34. Rb1 Qc5 35. Qa4 Rh6 36. Ra1 Qb4 37. Bxf4 gxf4 38. Nxa5 Qxa4 
39. Rxa4 Bxa5 40. Rxa5 Re8 41. Kh2 Re7 42. Rfa1 Kc8 43. Ra8+ Kd7 44. Rf8 Reh7 
45. Rxf4 Rb6 46. Rb1 Re7 47. g5 Rg7 48. Rf5 Kd6 49. Kxh3 Kc5 50. Kg4 Rd6 
51. f4 Rd8 52. Re5 Kd4 53. Re6 Rh8 54. f5 b6 55. g6 Kd3 56. Kg5 Rh2 57. Rg1 Rh8 
58. f6 Rgg8 59. f7 Ke2 60. Rc1 Ra8 61. g7 Rhc8 62. Kf6 c5 63. bxc6 b5 
64. Rg1 Rg8 65. fxg8=Q Rxg8 66. Kf7 b4 67. Kxg8 b3 68. c7 b2 69. c8=Q b1=Q 
70. Rxb1 Kf3 71. Qc3+ Kf4 72. Rf1+ Kg5 73. Rg1+ Kf4 74. Qg3# 1-0